 Dungeon Crawl Stone Soup version 0.21-a0-582-g1b93aee (webtiles) character file.

5812 Amnesiac the Slinger (level 11, -12/71 HPs)
             Began as a Halfling Fighter on Dec 19, 2017.
             Was an Elder of Okawaru.
             Killed by the air
             ... invoked by Gastronok
              (44 damage)
             ... on level 8 of the Dungeon.
             The game lasted 00:16:18 (9348 turns).

Amnesiac the Slinger (Halfling Fighter)             Turns: 9348, Time: 00:16:19

Health: -12/71     AC: 14    Str: 25    XL:     11   Next: 7%
Magic:  17/17      EV: 13    Int:  6    God:    Okawaru [****..]
Gold:   443        SH:  7    Dex: 15    Spells: 3/10 levels left

rFire    . . .     SeeInvis .   a - +4 hunting sling (velocity)
rCold    . . .     Gourm    +   q - +0 buckler
rNeg     . . .     Faith    .   k - +0 plate armour
rPois    .         Spirit   .   l - +0 helmet
rElec    .         Reflect  .   (no cloak)
rCorr    .         Harm     .   (no gloves)
MR       .....                  (no boots)
Stlth    ..........             h - amulet of the gourmand
HPRegen  0.21/turn              y - +5 ring of strength
MPRegen  0.15/turn              O - ring of loudness (curse)

@: slowed, very slow
A: small, mutation resistance 1
a: Heroism, Renounce Religion


You were on level 8 of the Dungeon.
You worshipped Okawaru.
Okawaru was greatly pleased with you.
You were very full.

You visited 2 branches of the dungeon, and saw 9 of its levels.
You also visited: Sewer.

You collected 443 gold pieces.

Inventory:

Hand Weapons
 a - a +4 hunting sling of velocity (weapon)
 b - a +0 rapier
Missiles
 i - 277 stones
 v - 52 sling bullets (quivered)
 w - a throwing net
 B - 5 tomahawks
 C - a tomahawk of returning
 N - 15 poisoned needles
Armour
 c - a +0 shield
 k - a +0 plate armour (worn)
 l - a +0 helmet (worn)
 q - a +0 buckler (worn)
 s - a +2 ring mail of poison resistance
 F - a +0 leather armour of cold resistance
 L - a +0 cloak
Jewellery
 h - an amulet of the gourmand (around neck)
 y - a +5 ring of strength (left hand)
 O - a cursed ring of loudness (right hand)
Wands
 e - a wand of acid (4)
 M - a wand of flame (42)
Scrolls
 m - 3 scrolls of teleportation {!r}
 p - a scroll of blinking {!r}
 r - 2 scrolls of remove curse {!r}
 x - a scroll of fear {!r}
 G - a scroll of enchant weapon {!r, unknown}
 H - a scroll of immolation {!r, unknown}
 I - a scroll of vulnerability {!r, unknown}
Potions
 d - 3 potions of might {!q}
 g - 2 potions of agility {!q, unknown}
 j - a potion of mutation {!q}
 n - 6 potions of curing {!q, unknown}
 o - a potion of invisibility {!q}
 t - a potion of lignification {!q}
 u - 4 potions of flight {!q}
 z - 2 potions of ambrosia {!q, unknown}
 A - 2 potions of brilliance {!q}
 D - a potion of heal wounds {!q}
 E - a potion of berserk rage {!q, unknown}
 K - a potion of haste {!q}
Comestibles
 f - 17 rations
 J - 2 chunks of flesh


   Skills:
 + Level 5.1 Fighting
 - Level 3.4 Short Blades
 - Level 12.0 Slings
 + Level 6.1 Armour
 + Level 6.2 Dodging
 - Level 7.0 Shields
 + Level 8.4 Invocations


You had 3 spell levels left.
You knew the following spells:

 Your Spells              Type           Power        Failure   Level  Hunger
a - Apportation           Tloc           #.....       100%        1    ##.....
b - Animate Skeleton      Necr           N/A          100%        1    ##.....
c - Summon Small Mammal   Summ           #...         100%        1    ##.....
r - Regeneration          Chrm/Necr      #.........   100%        3    ####...
z - Confusing Touch       Hex            #.....       100%        1    ##.....


Dungeon Overview and Level Annotations

Branches:
Dungeon (8/15)             Temple (1/1) D:7
   Lair: D:8-11

Altars:
Ashenzari
Cheibriados
Dithmenos
Fedhas
Gozag
Hepliaklqana
Kikubaaqudgha
Makhleb
Okawaru
Ru
Sif Muna
Trog
Uskayaw
Vehumet
Wu Jian
Zin
The Shining One

Shops:
D:7 =

Annotations:
D:2 Terence
D:8 Gastronok


Innate Abilities, Weirdness & Mutations

You are small and have problems with some larger weapons.
You are somewhat resistant to further mutation.


Message History

The sling bullet completely misses Gastronok.
Gastronok closely misses you.
You see here 2 sling bullets.
Really attack while wielding your +4 hunting sling of velocity? [Y]es or [N]o only, please.
Really attack while wielding your +4 hunting sling of velocity?
Okay, then.
Firing (i - inventory. (,) - cycle):
v - 55 sling bullets (quivered)
Press: ? - help, Shift-Dir - straight line, f - rat, p - Gastronok
Aim: a rat (summoned)
You shoot a sling bullet. The sling bullet hits the rat.
You kill the rat!
The rat's corpse disappears in a puff of smoke!
Some of the chunks of flesh in your inventory have rotted away.
Unknown command.
Gastronok waves his eye-stalks in wide circles.
The air twists around and strikes you!
You see here a sling bullet.
You see here a stone.
Firing (i - inventory. (,) - cycle):
v - 54 sling bullets (quivered)
Press: ? - help, Shift-Dir - straight line, f - Gastronok
Aim: Gastronok, wearing an embroidered hat (moderately wounded, covering ground quickly)
You shoot a sling bullet. The sling bullet hits Gastronok!
Gastronok is heavily wounded.
You see here a stone.
Gastronok casts a spell at you.
You barely resist.
Firing (i - inventory. (,) - cycle):
v - 53 sling bullets (quivered)
Press: ? - help, Shift-Dir - straight line, f/p - Gastronok
Aim: Gastronok, wearing an embroidered hat (heavily wounded, covering ground quickly)
You shoot a sling bullet. The sling bullet hits Gastronok.
Gastronok is heavily wounded.
Firing (i - inventory. (,) - cycle):
v - 52 sling bullets (quivered)
Press: ? - help, Shift-Dir - straight line, f/p - Gastronok
Aim: Gastronok, wearing an embroidered hat (heavily wounded, covering ground quickly)
You shoot a sling bullet. The sling bullet hits Gastronok!
Gastronok is heavily wounded.
Firing (i - inventory. (,) - cycle):
v - 51 sling bullets (quivered)
Press: ? - help, Shift-Dir - straight line, f/p - Gastronok
Aim: Gastronok, wearing an embroidered hat (heavily wounded, covering ground quickly)
You shoot a sling bullet. The sling bullet hits Gastronok!
Gastronok is severely wounded.
You see here a sling bullet.
Firing (i - inventory. (,) - cycle):
v - 50 sling bullets (quivered)
Press: ? - help, Shift-Dir - straight line, f/p - Gastronok
Aim: Gastronok, wearing an embroidered hat (severely wounded, covering ground quickly)
You shoot a sling bullet. The sling bullet hits Gastronok.
Gastronok is severely wounded.
Gastronok bites you!!
* * * LOW HITPOINT WARNING * * *
You see here a sling bullet.
Gastronok is no longer moving quickly.
You see here a sling bullet.
You see here 2 sling bullets.
Gastronok casts a spell.
Your skin takes on a slight green cast.
You see here a sling bullet.
You see here a stone.
v - 50 sling bullets (gained 1);
i - 277 stones (gained 1)
v - 52 sling bullets (gained 2) Gastronok waves his eye-stalks in wide circles.
The air twists around and strikes you!
Ouch! That really hurt!
You die...

#.##..........#...
#.##.###.#.##.##..
#.##.# #.#.##.##..
#.##.###.#........
#........########.
####.##### ##.
####.##### ##..
#.((.....# ##...
#@##(##..# ##....
#.##.#...####.....
#.##.(......+.....
#(####...####....รท
#.w((w...# ##....
######(### ##...
###)# ##.. #.(.#
##' #w### #.


You could see Gastronok.

Vanquished Creatures
  A two-headed ogre (D:5)
  Joseph (D:7)
  Maurice (D:8)
  The ghost of Regeox the Shield-Bearer, a novice HOFi of Ru (D:4)
  Psyche (D:8)
  A troll (D:7)
  Prince Ribbit (D:6)
  Edmund (D:5)
  A water moccasin (D:7)
  2 orc warriors (D:7)
  A phantom (D:8)
  3 ice beasts
  3 sky beasts
  A necrophage (D:5)
  A black bear (D:8)
  3 ogres
  4 centaurs
  A crocodile (Temple)
  4 bullfrogs
  2 big kobolds
  A wyvern zombie (D:7)
  2 scorpions
  A howler monkey (D:7)
  4 crimson imps
  A bullfrog zombie (D:8)
  A hound (D:7)
  A jelly (D:4)
  4 orc priests
  2 bullfrog skeletons
  2 iguanas
  4 orc wizards
  4 worker ants
  Robin (D:4)
  4 gnolls (D:8)
  17 adders
  A river rat (D:3)
  A shadow imp (D:8)
  2 oozes
  An adder skeleton (D:8)
  3 worms
  3 dart slugs
  5 leopard geckos
  15 orcs
  2 ball pythons
  2 bats
  A bat zombie (D:3)
  5 giant cockroaches
  25 goblins
  13 hobgoblins
  10 jackals
  18 kobolds
  4 quokkas
  A ball python skeleton (D:5)
  4 frilled lizards
  A quokka skeleton (D:4)
  13 rats
  A rat zombie (D:3)
214 creatures vanquished.

Vanquished Creatures (others)
  An orc wizard (D:6)
  A kobold (D:3)
2 creatures vanquished.

Grand Total: 216 creatures vanquished

Notes
Turn   | Place    | Note
-------+----------+-------------------------------------------
     0 | D:1      | Amnesiac the Halfling Fighter began the quest for the Orb.
     0 | D:1      | Reached XP level 1. HP: 15/15 MP: 1/1
    44 | D:1      | Reached skill level 1 in Dodging
   156 | D:1      | Reached XP level 2. HP: 20/20 MP: 2/2
   664 | D:1      | Reached XP level 3. HP: 25/25 MP: 3/3
  1006 | D:2      | Found an ornate altar of the Wu Jian Council.
  1038 | D:2      | Found a hide-covered altar of Uskayaw.
  1055 | D:2      | Reached XP level 4. HP: 21/30 MP: 4/4
  1856 | D:2      | Reached XP level 5. HP: 36/36 MP: 5/5
  1862 | D:2      | Found a shattered altar of Ashenzari.
  1914 | D:2      | Noticed Terence
  1984 | D:3      | Found a burning altar of Makhleb.
  1984 | D:3      | Noticed an Executioner
  2295 | D:3      | Found a glowing drain.
  2315 | Sewer    | Entered a sewer
  2417 | Sewer    | Noticed a big kobold
  2447 | Sewer    | Killed a big kobold
  2447 | Sewer    | Reached XP level 6. HP: 37/42 MP: 6/6
  2490 | Sewer    | Found a white marble altar of Elyvilon.
  2797 | D:3      | Found a radiant altar of Vehumet.
  3280 | D:3      | Found an ancient bone altar of Kikubaaqudgha.
  3847 | D:4      | Noticed Regeox's ghost (novice HOFi)
  3856 | D:4      | Noticed Robin
  3904 | D:4      | Killed Regeox's ghost
  3904 | D:4      | Reached XP level 7. HP: 28/48 MP: 7/7
  4016 | D:4      | Killed Robin
  4168 | D:4      | Reached skill level 5 in Dodging
  4168 | D:4      | Reached skill level 5 in Shields
  4222 | D:4      | Reached skill level 5 in Armour
  4222 | D:4      | Reached XP level 8. HP: 50/54 MP: 8/8
  4291 | D:4      | Found a blossoming altar of Fedhas.
  4573 | D:4      | Found a bloodstained altar of Trog.
  4706 | D:5      | Entered Level 5 of the Dungeon
  4774 | D:5      | Got a dull robe
  4807 | D:5      | Identified the +1 robe of Virtue {rCorr Str+3} (You found it on level 5 of the Dungeon)
  5529 | D:5      | Learned a level 1 spell: Apportation
  5531 | D:5      | Learned a level 1 spell: Animate Skeleton
  5533 | D:5      | Learned a level 1 spell: Confusing Touch
  5535 | D:5      | Learned a level 1 spell: Summon Small Mammal
  5659 | D:5      | Reached skill level 5 in Fighting
  5680 | D:6      | Noticed a two-headed ogre
  5931 | D:6      | Reached skill level 1 in Slings
  5960 | D:6      | Reached skill level 2 in Slings
  5971 | D:6      | Reached XP level 9. HP: 54/61 MP: 9/9
  6031 | D:6      | Reached skill level 3 in Slings
  6052 | D:6      | Reached skill level 4 in Slings
  6099 | D:7      | Found Gotiopp's Jewellery Shoppe.
  6122 | D:6      | Reached skill level 5 in Slings
  6315 | D:7      | Reached skill level 6 in Slings
  6335 | D:7      | Found a staircase to the Ecumenical Temple.
  6344 | Temple   | Entered the Ecumenical Temple
  6369 | Temple   | Became a worshipper of Warmaster Okawaru
  6723 | D:6      | Reached skill level 1 in Invocations
  6796 | D:6      | Noticed Prince Ribbit
  7003 | D:6      | Noticed Edmund
  7067 | D:5      | Killed Edmund
  7067 | D:5      | Reached skill level 7 in Slings
  7171 | D:5      | Killed a two-headed ogre
  7171 | D:5      | Reached * piety under Okawaru
  7171 | D:5      | Reached skill level 9 in Slings
  7171 | D:5      | Reached XP level 10. HP: 38/66 MP: 10/12
  7217 | D:6      | Killed Prince Ribbit
  7217 | D:6      | Reached ** piety under Okawaru
  7285 | D:6      | Reached skill level 10 in Slings
  7684 | D:7      | Reached skill level 11 in Slings
  7695 | D:7      | Reached skill level 5 in Invocations
  7708 | D:7      | Noticed Joseph
  7734 | D:7      | Killed Joseph
  7800 | D:7      | Reached *** piety under Okawaru
  7947 | D:7      | Reached skill level 12 in Slings
  8447 | D:8      | Noticed Psyche
  8455 | D:8      | Killed Psyche
  8757 | D:8      | Learned a level 3 spell: Regeneration
  8881 | D:8      | Noticed Maurice
  8894 | D:8      | Killed Maurice
  8894 | D:8      | Reached **** piety under Okawaru
  8894 | D:8      | Reached XP level 11. HP: 71/71 MP: 15/17
  9228 | D:8      | Noticed Gastronok
  9348 | D:8      | Killed from afar by Gastronok

Vault maps used:
D:1:      erik_arrival_blinker_ship, minmay_misc_feat_plants
D:2:      marbit_many_paths, nicolae_overflow_crystal_walls,
          lemuel_doored_altar, first_ration, uniq_terence
D:3:      kennysheep_big_flooded_room, lemuel_zombie_altar_kikubaaqudgha,
          fiery_altar_vehumet, gup_sewer_entry_spiral, makhleb_altar_promises_db
D:4:      fedhas_altar_4, grunt_ministairs_3, trog_hazing_becter, uniq_robin
D:6:      st_stairs_10, nrook_pool_corridor, uniq_edmund, uniq_prince_ribbit1,
          uniq_grinder
D:7:      minmay_temple_entry_statues_pillars, serial_shops, shop,
          kennysheep_nub, uniq_joseph
D:8:      uniq_maurice, uniq_psyche, uniq_gastronok
Temple:   nicolae_temple_elliptical
Sewer:    sewer_kobolds

Skill      XL: |  1  2  3  4  5  6  7  8  9 10 |
---------------+-------------------------------+-----
Dodging        | 1 2 3 4 5 6 |  6.2
Fighting       | 3 4 5 |  5.1
Armour         | 4 5 6 |  6.1
Shields        | 4 5 6 7 |  7.0
Short Blades   | 3 |  3.4
Slings         | 2 9 12 | 12.0
Invocations    | 3 8 |  8.4

Action                   |  1- 3 |  4- 6 |  7- 9 | 10-12 || total
-------------------------+-------+-------+-------+-------++-------
Melee: Rapier            |    80 |   328 |   387 |       ||   795
 Fire: Hunting sling     |       |       |     9 |   283 ||   292
Throw: Stone             |    51 |    98 |   139 |       ||   288
       Tomahawk          |       |       |    19 |       ||    19
       Throwing net      |       |       |     1 |       ||     1
  Use: Scroll            |       |     4 |     9 |       ||    13
       Potion            |       |     2 |     1 |       ||     3
  Eat: Chunk             |    12 |     9 |    11 |     6 ||    38
Armor: Scale mail        |    23 |    22 |       |       ||    45
       Ring mail         |       |    50 |    75 |       ||   125
       Plate armour      |       |       |       |    25 ||    25
Dodge: Dodged            |    39 |   170 |   268 |    37 ||   514
Block: Shield            |    30 |    22 |       |       ||    52
       Buckler           |       |    74 |   114 |    21 ||   209

Table legend:
 A = Spawn XP
 B = Non-spawn XP
 C = Spawn XP percentage of total XP
 D = Spawn monster count
 E = Non-spawn monster count
 F = Spawn count percentage of total count
 G = Total turns spent on level
                    A         B        C        D         E        F      G
               +---------+---------+-------+---------+---------+-------+---------
         Total |       0 |    8304 |   0.0 |       0 |     215 |   0.0 |  9348
               +---------+---------+-------+---------+---------+-------+---------
           D:1 |       0 |      34 |   0.0 |       0 |      21 |   0.0 |   954
           D:2 |       0 |     120 |   0.0 |       0 |      24 |   0.0 |  1166
           D:3 |       0 |     166 |   0.0 |       0 |      35 |   0.0 |  1459
           D:4 |       0 |     707 |   0.0 |       0 |      31 |   0.0 |   921
           D:5 |       0 |    1624 |   0.0 |       0 |      18 |   0.0 |  1193
           D:6 |       0 |    1364 |   0.0 |       0 |      21 |   0.0 |  1280
           D:7 |       0 |    2283 |   0.0 |       0 |      24 |   0.0 |  1253
           D:8 |       0 |    1803 |   0.0 |       0 |      29 |   0.0 |   841
        Temple |       0 |     101 |   0.0 |       0 |       1 |   0.0 |    61
         Sewer |       0 |     102 |   0.0 |       0 |      11 |   0.0 |   220
               +---------+---------+-------+---------+---------+-------+---------
